 Dungeon Crawl Stone Soup version 0.29.1-1-gd02db6906a (webtiles) character file.

Game seed: 2016304906141805045

6418 hawla the Thaumaturge (level 11, -3/83 HPs)
             Began as a Meteoran Fire Elementalist on Oct 11, 2022.
             Slain by an orc knight
             ... wielding a +0 trident
              (14 damage)
             ... in a bailey.
             The game lasted 00:29:18 (5771 turns).

hawla the Thaumaturge (Meteoran Fire Elementalist)  Turns: 5771, Time: 00:29:18

Health: -3/83      AC:  8    Str:  9      XL:     11   Next: 40%
Magic:  35/44      EV: 15    Int: 21 (22) God:
Gold:   494        SH:  0    Dex: 18      Spells: 21/31 levels left

rFire   . . .      SeeInvis .   s - +3 trident of Premature Burial {vorpal, Contam rPois Dex+3}
rCold   . . .      Faith    .   (no shield)
rNeg    . . .      Spirit   .   D - +2 robe "Jeluqumn" {+Inv rPois Will+ rCorr}
rPois   +          Reflect  .   o - +1 hat
rElec   +          Harm     .   (no cloak)
rCorr   +          Rampage  .   a - +2 pair of gloves of Autumn {rElec rCorr MP+9 Stlth-}
Will    ++...                   (no boots)
Stlth   +.........              (no amulet)
HPRegen 0.23/turn               F - ring of magical power
MPRegen 0.29/turn               (no ring)

@: glowing
A: sense surroundings 2, otherworldly, glowing, explore regen, deterioration 1
a: Evoke Invisibility


You were in a bailey.
You visited 2 branches of the dungeon, and saw 11 of its levels.
You also visited: Ossuary and Bailey.

You collected 569 gold pieces.
You spent 75 gold pieces at shops.

Inventory:

Hand Weapons
 s - the +3 trident of Premature Burial (weapon) {vorpal, Contam rPois Dex+3}
   (You found it on level 3 of the Dungeon)

   It inflicts extra damage upon your enemies.
   Dex:       It affects your dexterity (+3).
   rPois:     It protects you from poison.
   Contam:    It causes magical contamination when unequipped.
 x - the +5 spear of Might {vorpal, rPois rCorr Stlth-}
   (You found it on level 5 of the Dungeon)

   It inflicts extra damage upon your enemies.
   rPois:     It protects you from poison.
   rCorr:     It protects you from acid and corrosion.
   Stlth:     It makes you less stealthy.
 B - the +8 demon trident "Rift" {distort, reach+}
   (You found it on level 5 of the Dungeon)

   It warps and distorts space around it, and may blink, banish, or inflict
   extra damage upon those it strikes.
   Unwielding it can cause banishment or high damage.
   It can reach especially far, and its reaching attacks ignore other creatures
   in the way.
 G - the +4 spear of the Dark Horse {freeze, Str+2}
   (You found it on level 9 of the Dungeon)

   It freezes those it strikes, dealing additional cold damage.
   It can also slow down cold-blooded creatures.
   Str:       It affects your strength (+2).
Armour
 a - the +2 pair of gloves of Autumn (worn) {rElec rCorr MP+9 Stlth-}
   (You acquired it in an ossuary)

   rElec:     It insulates you from electricity.
   MP:        It affects your magic capacity (+9).
   rCorr:     It protects you from acid and corrosion.
   Stlth:     It makes you less stealthy.
 o - a +1 hat (worn)
 D - the +2 robe "Jeluqumn" (worn) {+Inv rPois Will+ rCorr}
   (You found it on level 6 of the Dungeon)

   rPois:     It protects you from poison.
   +Inv:      It lets you turn invisible.
   rCorr:     It protects you from acid and corrosion.
   Will:      It increases your willpower.
Jewellery
 F - a ring of magical power (left hand)
Wands
 j - a wand of roots (15) (quivered)
 q - a wand of digging (6)
 v - a wand of quicksilver (1)
 C - a wand of paralysis (8)
Scrolls
 e - 2 scrolls of fog
 l - 6 scrolls of enchant weapon
 m - 2 scrolls of blinking
 p - a scroll of enchant armour {unknown}
 r - 2 scrolls of immolation {unknown}
 t - a scroll of vulnerability {unknown}
 w - 2 scrolls of fear {unknown}
 y - 2 scrolls of torment {unknown}
 z - 3 scrolls of noise {unknown}
 A - 2 scrolls of teleportation {unknown}
 E - a scroll of summoning
 H - 2 scrolls of silence {unknown}
 I - a scroll of poison {unknown}
Potions
 b - a potion of magic
 c - 6 potions of brilliance
 d - 4 potions of heal wounds
 f - 4 potions of curing {unknown}
 g - 5 potions of lignification {unknown}
 h - 5 potions of flight
 i - 3 potions of haste
 k - 2 potions of cancellation {unknown}
 n - 3 potions of might
 u - 2 potions of experience {unknown}
 J - a potion of resistance {unknown}
 K - a potion of mutation


   Skills:
 + Level 3.8 Fighting
 + Level 6.1 Polearms
 + Level 5.3 Dodging
 - Level 1.4 Stealth
 + Level 10.7 Spellcasting
 + Level 9.0 Conjurations
 + Level 10.6 Fire Magic
 + Level 3.1 Earth Magic


You had 21 spell levels left.
You knew the following spells:

 Your Spells              Type           Power      Damage    Failure   Level
a - Foxfire               Conj/Fire      100%       2x1d9     1%          1
b - Scorch                Fire           100%       2d10      1%          2
c - Stone Arrow           Conj/Erth      72%        3d11      1%          3
d - Flame Wave            Conj/Fire      51%        2d13      1%          4

Your spell library contained the following spells:

 Spells                   Type           Power      Damage    Failure   Level
 Magic Dart               Conj           100%       1d8       1%          1
 Sandblast                Erth           48%        2d12      1%          1
 Searing Ray              Conj           98%        2d8       1%          2
 Conjure Flame            Conj/Fire      51%        6-21      1%          3
 Inner Flame              Hex/Fire       33%        N/A       1%          3
 Passwall                 Tmut/Erth      14%        N/A       4%          2
 Beastly Appendage        Tmut           22%        N/A       6%          1
 Necrotise                Necr           44%        1d6       6%          1
 Blink                    Tloc           22%        N/A       9%          2
 Ensorcelled Hibernation  Hex/Ice        22%        N/A       9%          2
 Wereblood                Tmut           11%        N/A       9%          2
 Fulminant Prism          Conj/Hex       15%        3d11      10%         4
 Call Canine Familiar     Summ           11%        N/A       19%         3
 Gell's Gravitas          Tloc           11%        N/A       19%         3
 Portal Projectile        Hex/Tloc       22%        N/A       19%         3
 Spider Form              Tmut/Pois      11%        N/A       19%         3
 Swiftness                Air            11%        N/A       19%         3
 Teleport Other           Tloc           11%        N/A       19%         3
 Vampiric Draining        Necr           11%        2d6       19%         3
 Leda's Liquefaction      Hex/Erth       8%         N/A       30%         4
 Agony                    Necr           11%        N/A       86%         5
 Manifold Assault         Tloc           11%        N/A       86%         5
 Dispersal                Tloc           5%         N/A       100%        6
 Storm Form               Tmut/Air       5%         N/A       100%        7


Dungeon Overview and Level Annotations

Branches:
Dungeon (10/15) Zot: 598   Temple (1/1) D:5 Zot: 525     Orc (0/2) D:10
Ossuary (visited)          Bailey (1/1) Zot: 515
   Lair: D:8-11

Altars:
Dithmenos
Gozag
Hepliaklqana
Makhleb
Nemelex Xobeh
Okawaru
Qazlal
Ru
Sif Muna
Trog
Uskayaw
Wu Jian
Xom
Yredelemnul
Zin
The Shining One

Shops:
D:4 ?[:   D:5 =

Portals:
Abyss: D:5


Innate Abilities, Weirdness & Mutations

You passively map the area around you.
You are easily found by Zot.
You glow in the dark.
You regain HP and MP as you explore.
Your body sometimes deteriorates upon taking damage.


Message History

Aim: an orc, wielding a +0 war axe (lightly wounded, strong, 74% to hit)
The stone arrow hits the orc!
You kill the orc!
Unknown command.
Casting: Stone Arrow (safe; 1% risk of failure)
Confirm with . or Enter, or press ? or * to list all spells.
Flames lash the orc knight.
The orc knight is lightly wounded.
The orc knight's fire resistance burns away.
You hear a shout! x2
The orc knight closely misses you.
The orc warrior hits you with a +0 spear!
Your body deteriorates!
You feel dopey.
The orc hits you from afar with a +0 halberd!
The orc warrior barely misses you.
The orc knight roars a battlecry!
The orc knight goes into a battle-frenzy!
The orc barely misses you.
An orc warrior comes into view. It is wielding a +0 bardiche.
There is an open gate here.
Things that are here:
a +0 war axe; an orc corpse
Casting: Scorch (safe; 1% risk of failure)
Confirm with . or Enter, or press ? or * to list all spells.
Casting: Flame Wave (mildly dangerous; 1% risk of failure)
Press: ? - help, Dir - look around, f - activate A wave of flame ripples out!
The flame wave engulfs the orc knight.
The orc knight is burned terribly!
The orc knight is lightly wounded.
The flame wave engulfs the orc warrior!
The orc warrior is moderately wounded. (Press . to intensify the flame waves.)
The orc warrior hits you with a +0 spear!
The orc hits you from afar with a +0 halberd!
The orc warrior closely misses you.
The orc knight hits you with a +0 trident!!
* * * LOW HITPOINT WARNING * * *
The orc hits you but does no damage.
The orc knight hits you from afar with a +0 trident!
You die... ''

'*
##..o..##
#.......#
#.......#
#.......#
#).#.#..#
#..ooo..#
#..ooo#
##'@'##
#.....#
#.....#
#.....#
#.....#
#.....#
##'''##
##.....##
#.......#


You could see 2 orc knights, 3 orc warriors and 2 orcs.

Vanquished Creatures
  A two-headed ogre (D:8)
  A troll (D:9)
  A wyvern (D:9)
  8 yaks
  The ghost of RogueRain17 the Pure, an amateur DsAK of Lugonu (D:4)
  2 steam dragons
  A water moccasin (D:5)
  4 orc warriors
  3 black bears
  A sky beast (D:7)
  An ice beast (D:6)
  An ogre (D:5)
  A centaur (D:8)
  A phantom (D:5)
  2 kobold brigands
  Blork the orc (D:4)
  3 elf zombies (Ossuary)
  2 bullfrogs
  2 scorpions
  2 gnoll sergeants
  A small abomination (D:5)
  5 wights (D:9)
  9 killer bees
  6 howler monkeys
  A quasit (D:5)
  A jelly (D:5)
  4 orc priests
  2 hounds (D:6)
  An iron imp (D:5)
  A human zombie (Ossuary)
  A gnoll bouda (D:9)
  3 iguanas (D:5)
  9 orc wizards
  2 hound zombies (Ossuary)
  4 mummies
  12 gnolls
  7 adders
  3 white imps
  An ufetubus (D:4)
  An adder zombie (Ossuary)
  A worm (D:4)
  The ghost of nshep25 the Sneak, a weakling HuDe of Ashenzari (D:5)
  2 dart slugs (D:1)
  38 orcs
  7 bats
  8 endoplasms
  4 giant cockroaches
  A gnoll zombie (Ossuary)
  18 goblins
  7 hobgoblins
  2 quokkas
  6 ball pythons
  3 frilled lizards
  A goblin zombie (Ossuary)
  4 hobgoblin zombies
  3 jackal zombies (Ossuary)
  9 kobolds
  3 kobold zombies
  2 orc zombies (Ossuary)
  5 quokka zombies (Ossuary)
  5 rats
  7 rat zombies (Ossuary)
250 creatures vanquished.

Vanquished Creatures (others)
  208 foxfires
208 creatures vanquished.

Grand Total: 458 creatures vanquished

Notes
Turn   | Place    | Note
-------+----------+-------------------------------------------
     0 | D:1      | hawla the Meteoran Fire Elementalist began the quest for
                  | the Orb.
     0 | D:1      | Reached XP level 1. HP: 14/14 MP: 5/5
    69 | D:1      | Reached XP level 2. HP: 20/20 MP: 5/7
    72 | D:1      | Learned a level 2 spell: Scorch
   421 | D:1      | Reached XP level 3. HP: 26/26 MP: 4/8
   500 | D:1      | Glimpsed the power of Zot.
   690 | D:2      | Reached XP level 4. HP: 33/33 MP: 6/10
   695 | D:2      | Learned a level 3 spell: Stone Arrow
  1088 | D:3      | Found a shadowy altar of Dithmenos.
  1293 | D:3      | Reached XP level 5. HP: 38/38 MP: 3/11
  1306 | D:3      | Found a sparkling altar of Nemelex Xobeh.
  1437 | D:3      | Identified the +3 trident of Premature Burial {vorpal,
                  | Contam rPois Dex+3}
  1701 | D:3      | Glimpsed the power of Zot.
  1711 | D:4      | Noticed a black bear
  1740 | D:4      | Reached skill level 1 in Earth Magic
  1763 | D:4      | Found Tugeax's Book Emporium.
  1892 | D:4      | Found Yfim's Armour Boutique.
  1918 | D:4      | Found Zotrofa's Magic Scroll Boutique.
  1937 | D:4      | Bought a scroll of magic mapping for 75 gold pieces
  1988 | D:4      | Reached XP level 6. HP: 42/45 MP: 8/13
  1993 | D:4      | Learned a level 4 spell: Flame Wave
  2000 | D:4      | Killed a black bear
  2001 | D:4      | Reached skill level 5 in Conjurations
  2001 | D:4      | Reached skill level 5 in Fire Magic
  2035 | D:4      | Found a runed translucent gate.
  2035 | D:4      | Found a runed translucent gate.
  2035 | D:4      | Found a runed translucent gate.
  2036 | D:4      | Noticed a black bear
  2038 | D:4      | Noticed RogueRain17's ghost (amateur DsAK)
  2115 | D:4      | Found a burning altar of Makhleb.
  2115 | D:4      | Found a basalt altar of Yredelemnul.
  2128 | D:4      | Found an iron altar of Okawaru.
  2176 | D:4      | Noticed Blork the orc
  2182 | D:4      | Killed Blork the orc
  2183 | D:4      | Reached XP level 7. HP: 35/50 MP: 6/14
  2278 | D:4      | Glimpsed the power of Zot.
  2305 | D:5      | Entered Level 5 of the Dungeon
  2358 | D:4      | Killed RogueRain17's ghost
  2360 | D:4      | Reached XP level 8. HP: 24/58 MP: 0/16
  2457 | D:5      | Reached skill level 5 in Spellcasting
  2487 | D:5      | Found an opulent altar of Gozag.
  2510 | D:5      | Reached skill level 1 in Fighting
  2557 | D:5      | Found a staircase to the Ecumenical Temple.
  2572 | D:5      | Reached skill level 1 in Polearms
  2579 | Temple   | Entered the Ecumenical Temple
  2690 | D:5      | Identified the +5 spear of Might {vorpal, rPois rCorr
                  | Stlth-}
  2779 | D:5      | Gained mutation: You passively map the area around you.
                  | [Meteoran growth]
  2779 | D:5      | Reached XP level 9. HP: 64/64 MP: 15/19
  2800 | D:5      | Found Sudgh's Jewellery Shop.
  2902 | D:5      | Found a transporter.
  2903 | D:5      | Found a transporter.
  2946 | D:5      | Glimpsed the power of Zot.
  2961 | D:5      | Found a one-way gate to the infinite horrors of the Abyss.
  2961 | D:5      | Noticed nshep25's ghost (weakling HuDe)
  3006 | D:5      | Found the +8 demon trident "Rift" {distort, reach+}
  3105 | D:5      | Killed nshep25's ghost
  3324 | D:6      | Identified the +2 robe "Jeluqumn" {+Inv rPois Will+ rCorr}
  3543 | D:6      | Glimpsed the power of Zot.
  3593 | D:6      | Glimpsed the power of Zot.
  4142 | D:7      | Glimpsed the power of Zot.
  4172 | D:8      | Noticed a two-headed ogre
  4180 | D:8      | Killed a two-headed ogre
  4181 | D:8      | Reached XP level 10. HP: 29/73 MP: 17/23
  4222 | D:8      | Found a glowing silver altar of Zin.
  4366 | D:8      | Found a sand-covered staircase.
  4371 | Ossuary  | Entered an ossuary
  4372 | Ossuary  | Identified a scroll of acquirement
  4372 | Ossuary  | Acquired the +2 pair of gloves of Autumn {rElec rCorr MP+9
                  | Stlth-}
  4703 | D:8      | Reached skill level 5 in Polearms
  4986 | D:8      | Glimpsed the power of Zot.
  5036 | D:8      | Glimpsed the power of Zot.
  5062 | D:9      | Gained mutation: Your body sometimes deteriorates upon
                  | taking damage. [potion of mutation]
  5305 | D:9      | Reached skill level 10 in Spellcasting
  5305 | D:9      | Reached XP level 11. HP: 72/82 MP: 26/26
  5343 | D:9      | Reached skill level 5 in Dodging
  5343 | D:9      | Reached skill level 10 in Fire Magic
  5368 | D:9      | Found a hazy altar of Hepliaklqana.
  5469 | D:9      | Identified the +4 spear of the Dark Horse {freeze, Str+2}
  5586 | D:9      | Glimpsed the power of Zot.
  5607 | D:10     | Entered Level 10 of the Dungeon
  5669 | D:10     | Found a flagged portal.
  5687 | Bailey   | Entered a bailey
  5762 | Bailey   | Noticed an orc knight
  5764 | Bailey   | Noticed an orc knight
  5771 | Bailey   | Slain by an orc knight

Illustrated notes

Levels and vault maps discovered:
D:1:      roderic_crossed_star, layout_basic,
          hellmonk_ecumenical_altar_inner_sanctum, minmay_misc_feat_rows
D:2:      layout_basic, serial_shops, nicolae_shop_trees, minmay_octomino_e4
D:3:      layout_basic, mainiacjoe_overflow_small_starburst,
          nemelex_xobeh_ov_fountains_minmay, amethyst_killhole,
          kennysheep_generic_room_2
D:4:      layout_cave_pools, kennysheep_mini,
          gammafunk_temple_overflow_elements, nicolae_overflow_hidden_temple,
          serial_shops, nicolae_stop_n_shop_1, nicolae_shop_waterfront,
          nicolae_shop_temple_entry_statues_fountains, gammafunk_ghost_split,
          saegor_snake_ambush, uniq_blork_the_orc
D:5:      layout_gridville, mainiacjoe_overflow_alcove_1, temple_pool_b,
          gammafunk_ghost_abyssal_escape, minmay_shop_enchanted_jewellery
D:6:      layout_basic, mainiacjoe_overflow_swirl, vehumet_statue,
          ebering_ghost_reflecting_pool, minmay_misc_feat_chi
D:7:      layout_basic, marbit_many_paths
D:8:      layout_basic, overflow_temple_1_default, serial_co_window_serial,
          co_window_cross_1, co_window_paths_b, co_window_paths_b,
          co_window_cross_1, co_window_cross_1, co_window_paths_b,
          co_window_paths_b, co_window_paths_a, co_window_corner_a,
          co_window_cross_3, co_window_unsneaky_path_d, co_window_corner_b,
          co_window_broadway_c, co_window_paths_c, co_window_corner_b,
          glass_columns_b, glass_columns_c, glass_columns_c,
          nicolae_ossuary_entry_giza, uniq_joseph
D:9:      layout_small_grid, mainiacjoe_overflow_alcove_4, minivault_23
D:10:     layout_irregular_city, orc_david_3, enter_bailey_3
Temple:   nicolae_temple_colour_theory
Bailey:   bailey_polearm_5, bailey

Skill      XL: |  1  2  3  4  5  6  7  8  9 10 11 |
---------------+----------------------------------+-----
Spellcasting   | 3 4 6 8 10 | 10.7
Fire Magic     | 4 5 6 8 9 10 | 10.6
Conjurations   | 2 4 5 6 7 8 9 |  9.0
Earth Magic    | 1 2 3 |  3.1
Fighting       | 1 2 3 |  3.8
Polearms       | 1 2 5 6 |  6.1
Dodging        | 3 4 5 |  5.3
Stealth        | |  1.4

Action                   |  1- 3 |  4- 6 |  7- 9 | 10-12 || total
-------------------------+-------+-------+-------+-------++-------
Melee: Unarmed           |     6 |       |       |       ||     6
       Trident           |       |     9 |    28 |    85 ||   122
       Punch             |       |       |       |     1 ||     1
 Cast: Foxfire           |    37 |    41 |    29 |    15 ||   122
       Scorch            |    12 |    17 |    27 |    29 ||    85
       Stone Arrow       |       |    13 |    13 |     7 ||    33
       Flame Wave        |       |       |    10 |    36 ||    46
  Use: Scroll            |     2 |     3 |     7 |     3 ||    15
       Potion            |       |       |     1 |     1 ||     2
Armor: Robe              |     2 |     5 |    11 |    31 ||    49
Dodge: Dodged            |     5 |    19 |    24 |    81 ||   129
